 Dungeon Crawl Stone Soup version 0.13.0-9-gbc74161 (webtiles) character file.

11869 JacquesDerrida the Carver (level 11, -1/108 HPs)
             Began as a High Elf Skald on Oct 17, 2013.
             Was a Believer of Ashenzari.
             Slain by Nessos
             ... wielding a +1,+1 war axe
              (8 damage)
             ... on Level 12 of the Dungeon.
             The game lasted 01:02:51 (10689 turns).

JacquesDerrida the Carver (High Elf Skald)         Turns: 10689, Time: 01:02:51

HP  -1/108       AC 11     Str 17      XL: 11   Next: 52%
MP  21/27        EV 19     Int 24 (25) God: Ashenzari [**....]
Gold 175         SH  0     Dex 16      Spells:  5 memorised, 10 levels left

Res.Fire  : . . .   See Invis. : .   P - +3 scimitar (flame) (curse)
Res.Cold  : + . .   Warding    : .   E - +1 robe "Orpher" {rC+ Int+4 Dam+4}
Life Prot.: . . .   Conserve   : .   (no shield)
Res.Poison: .       Res.Corr.  : .   k - +1 winged helmet (curse)
Res.Elec. : .       Clarity    : .   n - +0 cloak
Sust.Abil.: . .     Spirit.Shd : .   T - +3 pair of gauntlets of War {Acc+5 Dam+5}
Res.Mut.  : .       Stasis     : .   g - +0 pair of boots (curse)
Res.Rott. : .       Flight     : .   (no amulet)
Saprovore : . . .                    t - cursed ring of regeneration
                                     i - +1 ring of intelligence

@: berserking, very slightly contaminated, hasted, very quick, somewhat
resistant to hostile enchantments, extremely unstealthy
A: fangs 1, deterioration 1, Int +2
a: Renounce Religion


You were on level 12 of the Dungeon.
You worshipped Ashenzari.
Ashenzari was pleased with you.
You were not hungry.

You visited 2 branches of the dungeon, and saw 13 of its levels.

You collected 1002 gold pieces.
You spent 847 gold pieces at shops.

Inventory:

Hand weapons
 N - a +6,+0 scimitar of slicing
 P - a cursed +3,+3 scimitar of flaming (weapon)
Armour
 g - a cursed +0 pair of boots (worn)
 h - a +0 pair of orcish gauntlets
 k - a cursed +1 winged helmet (worn)
 n - a +0 cloak (worn)
 E - the cursed +1 robe "Orpher" (worn) {rC+ Int+4 Dam+4}
   (You found it on level 6 of the Dungeon)

   It affects your intelligence (+4).
   It affects your damage-dealing abilities (+4).
   It protects you from cold.
   It has a curse placed upon it.
 Q - a +2 robe of fire resistance
 T - the +3 pair of gauntlets of War (worn) {Acc+5 Dam+5}
   (You bought it in a shop on level 10 of the Dungeon)

   It affects your accuracy (+5).
   It affects your damage-dealing abilities (+5).
 V - a +1 buckler
Magical devices
 m - a wand of slowing (11)
 x - a wand of magic darts (0)
 y - a wand of digging (8)
 C - a wand of confusion (13)
 G - a wand of invisibility (4)
 R - a wand of disintegration (0)
 X - a wand of flame (11)
Comestibles
 d - 6 bread rations
 p - 3 meat rations
 O - a rotting chunk of orc flesh
 W - 3 rotting chunks of orc flesh
Scrolls
 a - 2 scrolls of fog
 e - 4 scrolls of identify
 f - 2 scrolls of teleportation
 q - 2 scrolls of enchant weapon I
 u - a scroll of amnesia
 A - a scroll of curse jewellery
 J - a scroll of enchant weapon II
 K - a scroll of enchant armour
 L - a scroll of remove curse
 S - a scroll of noise
Jewellery
 i - a +1 ring of intelligence (left hand)
 l - an uncursed ring of magical power
 o - an uncursed amulet of stasis
 t - a cursed ring of regeneration (right hand)
 w - an uncursed ring of ice
 I - an uncursed amulet of faith
 U - an uncursed ring of sustain abilities {unknown}
Potions
 b - a potion of might
 j - 3 potions of agility
 v - 2 potions of restore abilities
 F - 2 potions of brilliance
Books
 c - a book of Battle

   Spells                             Type                      Level
   *Infusion                          Charms                       1
   *Shroud of Golubria                Charms/Translocation         2
   Song of Slaying                    Charms                       2
   *Spectral Weapon                   Hexes/Charms                 3
   *Regeneration                      Charms/Necromancy            3
   Song of Shielding                  Charms                       4
 z - a Young Poisoner's Handbook

   Spells                             Type                      Level
   Sting                              Conjuration/Poison           1
   Cure Poison                        Poison                       2
   *Mephitic Cloud                    Conjuration/Poison/Air       3
   Olgreb's Toxic Radiance            Poison                       4
   Venom Bolt                         Conjuration/Poison           5
 M - a book of Changes

   Spells                             Type                      Level
   Beastly Appendage                  Transmutation                1
   Sticks to Snakes                   Transmutation                2
   Spider Form                        Transmutation/Poison         3
   Ice Form                           Ice/Transmutation            4
   Blade Hands                        Transmutation                5


   Skills:
 - Level 8.2 Fighting
 - Level 13.3(15.2) Long Blades
 - Level 0.8 Armour
 - Level 9.1(10.5) Dodging
 - Level 6.0 Spellcasting
 + Level 9.8 Charms


You had 10 spell levels left.
You knew the following spells:

 Your Spells              Type           Power        Failure   Level  Hunger
a - Infusion              Chrm           ######       1%          1    None
b - Spectral Weapon       Hex/Chrm       ####....     3%          3    #......
c - Shroud of Golubria    Chrm/Tloc      ####......   1%          2    None
d - Regeneration          Chrm/Necr      ####......   3%          3    #......
e - Mephitic Cloud        Conj/Pois/Air  #.......     24%         3    #......


Dungeon Overview and Level Annotations

Branches:
Dungeon (12/27)            Temple (1/1) D:5             Orc (0/4) D:6
   Lair: D:8-13

Altars:
Ashenzari
Cheibriados
Elyvilon
Fedhas
Nemelex Xobeh
Okawaru
Sif Muna
Trog
Vehumet
Yredelemnul
Zin
the Shining One

Shops:
D:6 ?   D:8 /   D:9 *   D:10 [

Annotations:
D:4 napalmx's ghost, average OgFi
D:7 exclusion: hydra
D:10 Urug
D:12 Nessos


Innate Abilities, Weirdness & Mutations

You have very sharp teeth.
Your mind is acute. (Int +2)
Your body is slowly deteriorating.


Message History

Okay, then.
Drink which item? (? for menu, Esc to quit)
You feel yourself speed up. Nessos misses you.
Press: ? - help, v - describe, . - travel
Here: Nessos, wielding a +1,+1 war axe, wearing a centaur barding of fire resistance and carrying an uncursed longbow of flame (grey smoke, moderately wounded, moving very quickly)
The floor.
Unknown command.
Drink which item? (? for menu, Esc to quit)
Okay, then.
Read which item? (? for menu, Esc to quit)
Okay, then.
Drink which item? (? for menu, Esc to quit)
Okay, then.
Drink which item? (? for menu, Esc to quit)
A red film seems to cover your vision as you go berserk!
You feel yourself moving faster!
You feel mighty! Nessos barely misses you.
You slice Nessos!! You burn Nessos.
Nessos is heavily wounded.
Nessos hits you with a +1,+1 war axe!
You die...

#.......#
#...%..?.# ##
#........#####.
#.#...#........
#.......#######
###...#** #.....#
####§###.####
#§@§§#(#....######
#c####§####......#
#§#.^#.#^.#...>..##
#§####§####.......#
#.#.^#§#^.#.......#
#c####§####.......#
#(#.^#c#^.#..#.....
#D####{####..####..
#.(DC§CD§.W........


You could see Nessos.

Vanquished Creatures
  Erica (D:10)
  2 unseen horrors
  A hill giant (D:11)
  Psyche (D:12)
  A troll (D:10)
  A wyvern (D:9)
  2 wraiths (D:12)
  A hungry ghost (D:12)
  A shark (D:8)
  A hippogriff (D:7)
  Eustachio (D:4)
  2 hill giant zombies
  10 yaks
  2 manticores (D:8)
  3 vampire mosquitoes (D:12)
  A necrophage (D:9)
  4 orc warriors
  3 ice beasts
  A sky beast (D:7)
  6 ogres
  3 phantoms
  A crocodile (D:11)
  A yellow wasp (D:8)
  4 centaurs
  Duvessa (D:8)
  9 giant frogs
  Blork the orc (D:4)
  2 water moccasins
  A troll zombie (D:10)
  A yak zombie (D:9)
  6 killer bees (D:7)
  An eye of draining (D:8)
  10 wights
  3 electric eels (D:9)
  Dowan (D:8)
  A centaur zombie (D:6)
  3 orc priests
  6 crimson imps
  2 goliath beetles
  5 hounds
  An iron imp (D:4)
  3 jellies
  A giant frog skeleton (D:4)
  7 orc wizards
  A two-headed ogre skeleton (D:11)
  7 worker ants
  5 iguanas
  A killer bee zombie (D:9)
  2 scorpions
  A crocodile zombie (D:12)
  An ogre zombie (D:11)
  14 adders
  4 gnolls
  A green rat (D:4)
  A giant centipede (D:11)
  A shadow imp (D:4)
  3 giant mites
  A white imp (D:4)
  4 worms
  A scorpion zombie (D:8)
  A giant centipede zombie (D:10)
  5 giant eyeballs
  3 giant geckos
  4 oozes
  42 orcs
  16 bats
  6 giant cockroaches
  10 goblins
  A grey rat (D:4)
  12 hobgoblins
  19 kobolds
  6 quokkas
  A ball python (D:3)
  5 giant newts
  2 giant spores (D:11)
  5 jackals (D:2)
  2 kobold skeletons (D:4)
  An orc skeleton (D:8)
  14 rats
  A rat skeleton (D:4)
  5 ballistomycetes (D:11)
328 creatures vanquished.

Vanquished Creatures (others)
  5 spectral weapons
  An adder (D:5)
  A rat (D:5)
7 creatures vanquished.

Grand Total: 335 creatures vanquished

Notes
Turn   | Place    | Note
--------------------------------------------------------------
     0 | D:1      | JacquesDerrida, the High Elf Skald, began the quest for the Orb.
     0 | D:1      | Reached XP level 1. HP: 13/13 MP: 4/4
   132 | D:1      | Reached XP level 2. HP: 9/18 MP: 6/6
   693 | D:2      | Reached skill level 4 in Long Blades
   693 | D:2      | Reached XP level 3. HP: 3/23 MP: 2/8
   710 | D:2      | Learned a level 3 spell: Spectral Weapon
   771 | D:2      | Learned a level 2 spell: Shroud of Golubria
  1311 | D:2      | Reached skill level 5 in Long Blades
  1325 | D:2      | Reached XP level 4. HP: 10/29 MP: 0/11
  2038 | D:3      | Reached skill level 6 in Long Blades
  2239 | D:3      | Reached XP level 5. HP: 18/34 MP: 10/13
  2374 | D:4      | Found a bloodstained altar of Trog.
  2374 | D:4      | Found a radiant altar of Vehumet.
  2374 | D:4      | Found an iron altar of Okawaru.
  2402 | D:4      | Noticed napalmx's ghost (average OgFi)
  2435 | D:4      | Noticed Blork the orc
  2450 | D:4      | Killed Blork the orc
  2450 | D:4      | Reached skill level 7 in Long Blades
  2909 | D:4      | Noticed Eustachio
  2943 | D:4      | Reached XP level 6. HP: 14/39 MP: 5/15
  3200 | D:3      | Learned a level 3 spell: Regeneration
  3394 | D:4      | Reached skill level 8 in Long Blades
  3603 | D:4      | Killed Eustachio
  3603 | D:4      | Reached skill level 5 in Charms
  3603 | D:4      | Reached XP level 7. HP: 14/44 MP: 3/18
  3910 | D:5      | Entered Level 5 of the Dungeon
  4037 | D:5      | Reached skill level 9 in Long Blades
  4104 | D:4      | HP: 1/44 [orc wizard/orcish war axe (6)]
  4385 | D:5      | Reached skill level 10 in Long Blades
  4420 | D:5      | Paralysed by a giant eyeball for 2 turns
  4466 | D:5      | Found a staircase to the Ecumenical Temple.
  4476 | Temple   | Entered the Ecumenical Temple
  4509 | Temple   | Became a worshipper of Ashenzari the Shackled
  4652 | D:5      | Reached XP level 8. HP: 29/50 MP: 13/18
  5149 | D:6      | Found a staircase to the Orcish Mines.
  5190 | D:6      | Reached skill level 11 in Long Blades
  5589 | D:6      | Got the uncursed robe "Orpher" {rC+ Int+4 Dam+4}
  5593 | D:6      | Identified the +1 robe "Orpher" {rC+ Int+4 Dam+4} (You found it on level 6 of the Dungeon)
  5676 | D:6      | Found Croqoyrr's Magic Scroll Emporium.
  5683 | D:6      | Bought a scroll of identify for 30 gold pieces
  5683 | D:6      | Bought a scroll of remove curse for 45 gold pieces
  6368 | D:6      | Gained mutation: Your body is slowly deteriorating. [potion of mutation]
  6368 | D:6      | Gained mutation: Your mind is acute. (Int +2) [potion of mutation]
  6368 | D:6      | Gained mutation: You have very sharp teeth. [potion of mutation]
  6511 | D:7      | Reached skill level 12 in Long Blades
  6630 | D:7      | Reached skill level 13 in Long Blades
  6630 | D:7      | Reached XP level 9. HP: 50/54 MP: 14/20
  6706 | D:7      | Noticed a five-headed hydra
  7176 | D:8      | Reached skill level 5 in Dodging
  7200 | D:8      | Noticed Duvessa
  7217 | D:8      | Noticed Dowan
  7231 | D:8      | Killed Duvessa
  7235 | D:8      | Killed Dowan
  7553 | D:8      | Found Khameste's Magical Wand Emporium.
  7587 | D:8      | Paralysed by a giant eyeball for 4 turns
  7755 | D:8      | Identified a scroll of acquirement
  8020 | D:9      | Reached XP level 10. HP: 43/60 MP: 22/22
  8057 | D:9      | Found Noucvyra's Assorted Antiques.
  8316 | D:9      | Reached skill level 5 in Fighting
  8572 | D:10     | Entered Level 10 of the Dungeon
  8722 | D:10     | Noticed Urug
  8747 | D:10     | Found Suigujua's Armour Boutique.
  8952 | D:10     | Acquired Ashenzari's first power
  9196 | D:10     | Noticed Erica
  9205 | D:10     | Killed Erica
  9241 | D:10     | Bought the +3 pair of gauntlets of War {Acc+5 Dam+5} for 772 gold pieces
  9359 | D:10     | Killed an unseen horror
  9602 | D:11     | Reached XP level 11. HP: 70/72 MP: 22/24
  9780 | D:11     | Killed an unseen horror
  9780 | D:11     | Reached skill level 5 in Spellcasting
  9785 | D:11     | Learned a level 3 spell: Mephitic Cloud
  9892 | D:11     | Noticed a hill giant
  9908 | D:11     | Killed a hill giant
  9975 | D:11     | Paralysed by a giant eyeball for 2 turns
 10077 | D:10     | Paralysed by a giant eyeball for 4 turns
 10480 | D:12     | Noticed Psyche
 10493 | D:12     | Killed Psyche
 10645 | D:12     | Noticed Nessos
 10684 | D:12     | HP: 3/72 [Nessos/+1,+1 war axe (22)]
 10689 | D:12     | Slain by Nessos

Action                   |  1- 3 |  4- 6 |  7- 9 | 10-12 || total
-------------------------+-------+-------+-------+-------++-------
Melee: Falchion          |   118 |   191 |   425 |       ||   734
       Scimitar          |       |       |    22 |   245 ||   267
 Cast: Infusion          |     4 |     6 |     2 |     3 ||    15
       Shroud of Golubri |     4 |     8 |     8 |     6 ||    26
       Spectral Weapon   |       |     9 |    31 |    19 ||    59
       Regeneration      |       |     2 |     6 |     8 ||    16
Evoke: Wand              |       |     1 |    14 |    14 ||    29
  Use: Scroll            |     4 |     4 |    17 |    10 ||    35
       Potion            |     6 |     6 |     5 |     7 ||    24
 Stab: Sleeping          |     1 |     1 |     1 |       ||     3
       Distracted        |       |     1 |     8 |     2 ||    11
